 Dungeon Crawl Stone Soup version 0.20-a0-850-ge5a7832 (webtiles) character file.

52532 polly the Severer (level 14, -7/129 HPs)
             Began as a Minotaur Berserker on Mar 11, 2017.
             Was a High Priest of Trog.
             Mangled by an ancient zyme (9 damage)
             ... on level 2 of the Abyss.
             The game lasted 00:42:04 (21714 turns).

polly the Severer (Minotaur Berserker)             Turns: 21714, Time: 00:42:06

Health: -7/129     AC: 15    Str: 26    XL:     14   Next: 27%
Magic:  0/13       EV:  9    Int:  4    God:    Trog [*****.]
Gold:   1643       SH: 12    Dex: 13    Spells: 13/13 levels left

rFire    + . .     SeeInvis .   F - +0 war axe
rCold    . . .     Gourm    .   w - +0 plate armour
rNeg     . . .     Faith    .   G - +0 shield
rPois    .         Spirit   +   z - +2 hat
rElec    .         Reflect  .   r - +0 cloak
rCorr    .         Harm     .   m - +0 pair of gloves
MR       +++..                  (no boots)
Stlth    ..........             D - amulet of guardian spirit
Regen    1.0/turn               (no ring)
MPRegen  0.2/turn               i - +2 ring of dexterity

@: corroded, very slightly contaminated, starving, recuperating, mildly
diseased, hasted, very quick
A: retaliatory headbutt, horns 2, molten scales 1, fire resistance 1
a: Berserk, Trog's Hand, Brothers in Arms, Burn Spellbooks, Renounce Religion


You were on level 2 of the Abyss.
You worshipped Trog.
Trog was extremely pleased with you.
You were starving.

You visited 1 branch of the dungeon, and saw 14 of its levels.
You visited the Abyss 2 times.
You also visited: Sewer and Bailey.

You collected 2092 gold pieces.
You spent 449 gold pieces at shops.

Inventory:

Hand Weapons
 F - a +0 war axe (weapon)
 L - the +9 dagger "Mysot" {freeze, Int+2}
   (You took it off an orc warrior on level 11 of the Dungeon)

   It has been specially enchanted to freeze those struck by it, causing extra
   injury to most foes and up to half again as much damage against particularly
   susceptible opponents.
   It can also slow down cold-blooded creatures.
   It affects your intelligence (+2).
Missiles
 O - 4 poisoned tomahawks (quivered)
Armour
 m - a +0 pair of gloves (worn)
 r - a +0 cloak (worn)
 w - a +0 plate armour (worn)
 z - a +2 hat (worn)
 G - a +0 shield (worn)
Jewellery
 i - a +2 ring of dexterity (left hand)
 D - an amulet of guardian spirit (around neck)
 H - an uncursed ring of fire {unknown}
Wands
 P - a wand of random effects (5/48)
Scrolls
 a - a scroll of magic mapping
 d - a scroll of enchant weapon
 g - 5 scrolls of remove curse
 h - 4 scrolls of fear
 n - 3 scrolls of immolation
 B - a scroll of enchant armour {unknown}
 J - 2 scrolls of random uselessness {unknown}
 M - 2 scrolls of recharging {unknown}
 N - 3 scrolls of identify
Potions
 e - a potion of curing
 o - a potion of might {unknown}
 p - a potion of mutation
 s - a potion of invisibility
 u - 3 potions of magic
 x - 4 potions of berserk rage
 A - 2 potions of haste
 C - a potion of experience {unknown}
 E - a potion of lignification {unknown}
 I - a potion of ambrosia {unknown}
 R - a potion of resistance {unknown}
Books
 l - a book of Dreams

   Spells                             Type                      Level
   a - Ensorcelled Hibernation        Hexes/Ice                    2
   b - Silence                        Hexes/Air                    5
   c - Darkness                       Hexes                        6
   d - Shadow Creatures               Summoning                    6
   Trog disapproves of the use of such an item.
 y - a book of Enchantments

   Spells                             Type                      Level
   a - Cause Fear                     Hexes                        4
   b - Yara's Violent Unravelling     Hexes/Transmutation          5
   c - Silence                        Hexes/Air                    5
   d - Deflect Missiles               Charms/Air                   6
   e - Discord                        Hexes                        8
   Trog disapproves of the use of such an item.
Miscellaneous
 f - a sack of spiders
 k - a box of beasts
 T - a fan of gales
 U - a lightning rod (4/4)
Comestibles
 b - a fruit
 c - 9 bread rations
 j - 9 meat rations
 v - a royal jelly


   Skills:
 + Level 13.1 Fighting
 * Level 18.9 Axes
 + Level 1.4 Throwing
 + Level 13.9 Armour
 + Level 4.8 Dodging
 + Level 1.8 Stealth
 + Level 10.3 Shields
 + Level 0.1 Evocations


You had 13 spell levels left.
You didn't know any spells.

Dungeon Overview and Level Annotations

Branches:
Dungeon (14/15)            Temple (0/1) D:6            Lair (0/6) D:10
    Orc (0/2) D:11
 Vaults: D:13-14

Altars:
Gozag
Makhleb
Ru
Trog
The Shining One

Shops:
D:4 :??(   D:5 [   D:14 !


Innate Abilities, Weirdness & Mutations

You reflexively headbutt those who attack you in melee.
You have a pair of horns on your head.
You are partially covered in molten scales. (AC +2)
Your flesh is heat resistant. (rF+)


Message History

You hit the Executioner but do no damage.
Your headbutt misses the Executioner.
The Executioner is lightly wounded.
The Executioner hits you but does no damage.
You block the Executioner's attack. The Executioner barely misses you.
The Executioner hits you!
* * * LOW HITPOINT WARNING * * *
The Executioner hits you.
* * * LOW HITPOINT WARNING * * *
The Executioner hits you.
* * * LOW HITPOINT WARNING * * *
Your troll goes berserk!
You are starving!
You block the Executioner's attack. x3; The Executioner hits you!!
* * * LOW HITPOINT WARNING * * *
The Executioner hits you.
* * * LOW HITPOINT WARNING * * *
The Executioner closely misses you. The ancient zyme hits you!
You die...

≈≈. .# . ..
≈≈≈≈.##.#.## ## . .
##≈♣≈≈#......... .#
.# #.≈≈≈≈≈....#
.#.##.# ...
.≈≈≈≈#...###.. . #
...##.≈≈≈♣.###.#...
#.
#..T.#≈≈≈≈........#§.
#.x≈≈≈≈.#..##.#...
#@1≈≈≈≈≈#.#....
#...##.≈≈≈≈≈.......#
###. #.≈≈♣≈≈≈.#. ...#
....##♣≈≈≈≈.# #.#.
#..#. ≈#≈≈≈≈.... .#
..##. .#≈≈≈≈#..#. .
#.# .. #≈≈≈≈≈#.....
## # ..≈≈.#.#### ≈..


You could see an Executioner, an ancient zyme and a friendly troll (berserk).

Vanquished Creatures
  A stone giant (D:11)
  A war gargoyle (D:11)
  2 vault guards (D:14)
  3 hydras
  3 centaur warriors (D:13)
  2 two-headed ogres
  A tengu warrior (D:14)
  The ghost of polly the Carver, a novice DsGl of Okawaru (D:8)
  2 thrashing horrors (Abyss:2)
  11 skeletal warriors
  4 unseen horrors
  2 spatial maelstroms (Abyss:2)
  A deep elf archer (D:14)
  The ghost of polly the Basher, a novice GrFi of Okawaru (Bailey)
  Pikel (D:8)
  2 deep elf magi
  7 ugly things
  3 cyclopes
  3 manticores
  2 guardian serpents (D:13)
  A rust devil (Abyss:2)
  Psyche (D:8)
  A smoke demon (Abyss:2)
  A spiny frog (shapeshifter) (D:14)
  3 gargoyles
  A centaur skeleton (D:14)
  An efreet (Abyss:2)
  3 kobold demonologists
  A komodo dragon (D:14)
  An ancient zyme (D:13)
  A freezing wraith (D:13)
  A tengu conjurer (D:14)
  3 trolls
  5 slime creatures (D:13)
  2 hornets
  Grinder (D:6)
  7 hippogriffs
  A raiju (Abyss:2)
  A vampire (D:14)
  4 shadows
  Sigmund (D:2)
  15 yaks
  3 wyverns
  Grum (D:8)
  2 wraiths
  4 hungry ghosts
  A large abomination (Abyss:2)
  4 vampire mosquitoes (D:14)
  A water moccasin (D:11)
  An acid dragon (D:14)
  A slave (D:8)
  A black bear (D:11)
  4 ice beasts
  14 orc warriors
  3 sky beasts
  2 phantoms (D:8)
  8 ogres
  An eye of draining (D:10)
  A necrophage (D:10)
  An ogre (shapeshifter) (D:11)
  7 wolves
  22 centaurs
  8 big kobolds
  11 bullfrogs
  4 small abominations
  A wyvern zombie (D:9)
  6 scorpions
  A wyvern skeleton (D:12)
  2 water moccasin skeletons
  6 killer bees (D:12)
  5 wights (D:7)
  3 electric eels (D:10)
  The ghost of Likado the Poker, a weakling MfGl (D:3)
  2 howler monkeys (D:11)
  6 crimson imps
  3 bullfrog zombies
  A quasit (D:10)
  3 centaur zombies
  7 hounds
  6 jellies
  Crazy Yiuf (D:2)
  6 orc priests
  2 bullfrog skeletons
  11 orc wizards
  A gnoll shaman (D:4)
  2 iguanas
  4 worker ants
  A hound zombie (D:10)
  A worker ant zombie (D:10)
  Robin (D:2)
  3 gnolls (D:4)
  8 adders
  2 river rats (Sewer)
  A shadow imp (D:7)
  A white imp (Abyss:2)
  4 oozes
  An adder zombie (D:9)
  2 adder skeletons
  4 worms
  A dart slug (D:1)
  4 leopard geckos
  37 orcs
  2 giant cockroaches
  18 goblins
  7 hobgoblins
  14 jackals
  8 quokkas
  8 ball pythons
  A ball python skeleton (D:4)
  7 bats
  3 frilled lizards
  A jackal skeleton (D:4)
  12 kobolds
  A quokka skeleton (D:4)
  2 quokka zombies
  13 rats
462 creatures vanquished.

Vanquished Creatures (collateral kills)
  A hydra (D:11)
  A sun demon (Abyss:2)
2 creatures vanquished.

Vanquished Creatures (others)
  A crimson imp (D:8)
  A quasit (Abyss:2)
  An adder (D:10)
  2 starspawn tentacles (Abyss:2)
5 creatures vanquished.

Grand Total: 469 creatures vanquished

Notes
Turn   | Place    | Note
-------+----------+-------------------------------------------
     0 | D:1      | polly the Minotaur Berserker began the quest for the Orb.
     0 | D:1      | Reached XP level 1. HP: 19/19 MP: 0/0
   235 | D:1      | Reached XP level 2. HP: 26/27 MP: 1/1
   269 | D:1      | Found a glowing golden altar of the Shining One.
   416 | D:1      | Reached skill level 4 in Axes
   875 | D:2      | Reached XP level 3. HP: 31/33 MP: 2/2
   938 | D:2      | Noticed Sigmund
   946 | D:2      | Killed Sigmund
   946 | D:2      | Reached skill level 5 in Fighting
   946 | D:2      | Reached skill level 5 in Axes
   946 | D:2      | Reached XP level 4. HP: 7/42 MP: 0/3
   946 | D:2      | Reached XP level 5. HP: 9/48 MP: 0/4
  1264 | D:2      | Found a runed door.
  1390 | D:2      | Noticed Robin
  1409 | D:2      | Killed Robin
  1871 | D:2      | Reached ** piety under Trog
  2100 | D:2      | Noticed Crazy Yiuf
  2110 | D:2      | Killed Crazy Yiuf
  2306 | D:3      | Reached skill level 6 in Axes
  2584 | D:3      | Noticed Likado's ghost (weakling MfGl)
  2596 | D:3      | Killed Likado's ghost
  2596 | D:3      | Reached XP level 6. HP: 29/56 MP: 5/5
  2888 | D:4      | Found a glowing drain.
  2894 | Sewer    | Entered a sewer
  2974 | Sewer    | Reached skill level 7 in Axes
  3188 | Sewer    | Reached XP level 7. HP: 56/61 MP: 6/6
  3310 | Sewer    | Reached *** piety under Trog
  3370 | Sewer    | Reached skill level 8 in Axes
  3500 | D:4      | Found Doniso's Magic Scroll Shoppe.
  3517 | D:4      | Found Afabez's Magic Scroll Shoppe.
  4014 | D:4      | Found Ciuqex's Antique Weapon Boutique.
  4161 | D:4      | Found Zuetrar's Book Boutique.
  4382 | D:5      | Entered Level 5 of the Dungeon
  4391 | D:5      | Reached skill level 9 in Axes
  4395 | D:5      | Gained mutation: Scrolls take you a little longer to read. [mutagenic meat]
  4396 | D:5      | Gained mutation: You are partially covered in thin metallic scales. (AC +2) [mutagenic meat]
  4397 | D:5      | Gained mutation: Your spells are a little easier to cast, but a little less powerful. [mutagenic meat]
  4398 | D:5      | Gained mutation: You expend magic power (3 MP) to strengthen your wands. [mutagenic meat]
  4399 | D:5      | Lost mutation: Your spells are a little easier to cast, but a little less powerful. [mutagenic meat]
  4400 | D:5      | Gained mutation: You are covered in fur. (AC +1) [mutagenic meat]
  4480 | D:5      | Reached skill level 5 in Armour
  4480 | D:5      | Reached XP level 8. HP: 69/69 MP: 7/7
  4734 | D:5      | Found Katrayz's Armour Shop.
  4742 | D:5      | Bought a +2 hat for 224 gold pieces
  4825 | D:5      | Reached skill level 10 in Axes
  5004 | D:6      | Received a gift from Trog
  5187 | D:6      | Noticed Grinder
  5195 | D:6      | Paralysed by Grinder for 3 turns
  5211 | D:6      | Killed Grinder
  5211 | D:6      | Reached skill level 11 in Axes
  5353 | D:6      | Reached XP level 9. HP: 69/75 MP: 8/8
  5378 | D:6      | Found a staircase to the Ecumenical Temple.
  5524 | D:6      | Found an opulent altar of Gozag.
  6022 | D:7      | Reached skill level 12 in Axes
  6055 | D:7      | Found a sacrificial altar of Ru.
  6136 | D:7      | Reached **** piety under Trog
  6773 | D:8      | Noticed Grum
  6788 | D:8      | Killed Grum
  6992 | D:8      | Reached skill level 13 in Axes
  6992 | D:8      | Reached XP level 10. HP: 51/86 MP: 9/9
  7060 | D:8      | Found a burning altar of Makhleb.
  7060 | D:8      | Noticed a balrug
  7129 | D:8      | Noticed Pikel
  7137 | D:8      | Killed Pikel
  7309 | D:8      | Noticed Psyche
  7319 | D:8      | Killed Psyche
  7367 | D:8      | Noticed polly's ghost (novice DsGl)
  7409 | D:8      | Killed polly's ghost
  7607 | D:8      | Lost mutation: Scrolls take you a little longer to read. [potion of mutation]
  7607 | D:8      | Lost mutation: You expend magic power (3 MP) to strengthen your wands. [potion of mutation]
  7607 | D:8      | Lost mutation: You are covered in fur. (AC +1) [potion of mutation]
  7607 | D:8      | Lost mutation: You are partially covered in thin metallic scales. (AC +2) [potion of mutation]
  7607 | D:8      | Gained mutation: Your flesh is heat resistant. (rF+) [potion of mutation]
  7607 | D:8      | Gained mutation: You are partially covered in molten scales. (AC +2) [potion of mutation]
  7783 | D:8      | Reached skill level 14 in Axes
  7984 | D:8      | Reached skill level 1 in Stealth
  7984 | D:8      | Reached skill level 1 in Shields
  8345 | D:9      | Found a bloodstained altar of Trog.
  8734 | D:10     | Entered Level 10 of the Dungeon
  8761 | D:10     | Noticed an orc knight
  8774 | D:10     | Noticed an orc knight
  8774 | D:10     | Noticed a wizard
  8776 | D:10     | Noticed an ogre mage
  8870 | D:10     | Killed an unseen horror
  8870 | D:10     | Reached skill level 15 in Axes
  8870 | D:10     | Reached XP level 11. HP: 69/95 MP: 10/10
  8963 | D:10     | Reached ***** piety under Trog
  9293 | D:10     | Found a staircase to the Lair.
  9750 | D:10     | Noticed a two-headed ogre
  9759 | D:10     | Killed a two-headed ogre
  9759 | D:10     | Reached skill level 10 in Armour
  9867 | D:10     | Killed an unseen horror
  9867 | D:10     | Reached skill level 16 in Axes
 10167 | D:10     | Noticed a skeletal warrior
 10177 | D:10     | Killed a skeletal warrior
 10181 | D:10     | Noticed a skeletal warrior
 10193 | D:10     | Killed a skeletal warrior
 10212 | D:10     | Noticed a skeletal warrior
 10214 | D:10     | Noticed a skeletal warrior
 10238 | D:10     | Killed a skeletal warrior
 10250 | D:10     | Killed a skeletal warrior
 10862 | D:11     | Reached skill level 10 in Fighting
 10881 | D:11     | Found a staircase to the Orcish Mines.
 11191 | D:11     | Noticed a skeletal warrior
 11210 | D:11     | Killed a skeletal warrior
 11210 | D:11     | Reached XP level 12. HP: 52/106 MP: 11/11
 11436 | D:11     | Reached skill level 5 in Shields
 12004 | D:11     | Reached skill level 17 in Axes
 12321 | D:11     | Noticed a war gargoyle
 12338 | D:11     | Killed a war gargoyle
 12657 | D:11     | Noticed a stone giant
 12669 | D:11     | Killed a stone giant
 13115 | D:11     | Noticed a six-headed hydra
 13125 | D:11     | Killed a nine-headed hydra
 13425 | D:11     | Got a steaming dagger {freeze}
 13444 | D:11     | Identified the +9 dagger "Mysot" {freeze, Int+2} (You took it off an orc warrior on level 11 of the Dungeon)
 13781 | D:12     | Noticed a six-headed hydra
 13799 | D:12     | Killed a seven-headed hydra
 13820 | D:12     | Reached skill level 1 in Throwing
 13974 | D:12     | Found a flagged portal.
 13980 | Bailey   | Entered a bailey
 13983 | Bailey   | Noticed polly's ghost (novice GrFi)
 13998 | Bailey   | Killed polly's ghost
 14796 | D:12     | Found a burning altar of Makhleb.
 14956 | D:12     | Received a gift from Trog
 15295 | D:13     | Reached XP level 13. HP: 74/116 MP: 12/12
 16607 | D:13     | Reached skill level 18 in Axes
 16609 | D:13     | Reached ****** piety under Trog
 18369 | D:14     | Received a gift from Trog
 18450 | D:14     | Found Telor's Distillery.
 18454 | D:14     | Bought 2 potions of heal wounds for 150 gold pieces
 18454 | D:14     | Bought a potion of heal wounds for 75 gold pieces
 19206 | D:13     | Reached XP level 14. HP: 41/127 MP: 4/13
 19737 | D:14     | Paralysed by an ogre mage for 5 turns
 19739 | D:14     | Cast into level 2 of the Abyss (ogre mage)
 19804 | D:14     | Escaped the Abyss
 20278 | D:14     | Reached skill level 10 in Shields
 20444 | D:14     | Cast into level 2 of the Abyss (ogre mage)
 20670 | Abyss:2  | Noticed a tentacled starspawn
 20684 | Abyss:2  | Noticed a Hell Sentinel
 20908 | Abyss:2  | Noticed a bone dragon
 21345 | Abyss:2  | Received a gift from Trog
 21704 | Abyss:2  | Noticed an Executioner
 21713 | Abyss:2  | HP: 2/129 [Executioner (6)]
 21714 | Abyss:2  | Mangled by an ancient zyme

Vault maps used:
D:1:      lightli_arrival_farm, st_stairs_12, minmay_misc_feat_rugged,
          serial_bayou_lagoon_a, nrook_mini_backslash, tso_metal_star
D:2:      first_bread, uniq_robin, uniq_crazy_yiuf_cottage, uniq_sigmund
D:4:      serial_shops, shop_fountains, shop, nicolae_shop_waterfront,
          nicolae_shop_behind_doors, lightli_sewer_entry_pipes,
          kennysheep_opposing_triangles
D:5:      serial_shops, shop
D:6:      minmay_temple_entry_grid, lemuel_statue_altar, uniq_grinder
D:7:      grunt_ogre_cave, nicolae_ru_path_of_blood
D:8:      makhleb_altar_promises_db, uniq_psyche, uniq_grum, uniq_pikel
D:9:      trog_book
D:10:     erik_lair_island, minivault_12
D:11:     minmay_chopped_fan, orc_0_dummy, minmay_misc_feat_hallway
D:12:     enter_bailey_3, basic_altar
D:13:     nrook_guardian_serpent_snake_passage
D:14:     grunt_vaults_entry_fortified, serial_shops, shop, grunt_decor_cap,
          kennysheep_kite_vault
Abyss:2:  due_exit_kobolds, hangedman_abyss_or_decor_stagger
Sewer:    sewer_co_tree
Bailey:   bailey_polearm_4, bailey

Skill      XL: |  1  2  3  4  5  6  7  8  9 10 11 12 13 14 |
---------------+-------------------------------------------+-----
Fighting       | 4 5 6 7 8 10 11 12 13 | 13.1
Axes           | 4 5 6 7 9 11 13 15 16 17 18 | 18.9
Armour         | 3 4 5 6 8 9 10 12 13 | 13.9
Dodging        | 3 4 |  4.8
Stealth        | 1 |  1.8
Shields        | 2 4 7 9 10 | 10.3
Throwing       | 1 |  1.4
Evocations     | |  0.1

Action                   |  1- 3 |  4- 6 |  7- 9 | 10-12 | 13-15 || total
-------------------------+-------+-------+-------+-------+-------++-------
Melee: Hand axe          |    38 |   145 |   409 |       |       ||   592
       Headbutt          |     7 |    16 |    81 |   179 |   150 ||   433
       War axe           |       |       |    44 |   777 |   564 ||  1385
Throw: Javelin           |       |       |       |    13 |       ||    13
       Tomahawk          |       |       |       |       |     1 ||     1
Invok: Berserk           |     1 |       |     1 |     5 |     6 ||    13
       Burn Spellbooks   |       |       |     1 |     1 |     1 ||     3
       Trog's Hand       |       |       |     1 |       |     2 ||     3
       Brothers in Arms  |       |       |       |       |     3 ||     3
Evoke: Wand              |       |       |       |     8 |       ||     8
       Box of beasts     |       |       |       |     1 |       ||     1
  Use: Scroll            |       |       |     6 |    10 |     8 ||    24
       Potion            |       |       |       |    11 |    11 ||    22
 Stab: Invisible         |       |       |       |     6 |       ||     6
       Distracted        |       |       |       |       |     1 ||     1
  Eat: Chunk             |       |     8 |    23 |    19 |    13 ||    63
       Royal jelly       |       |       |     1 |     4 |     5 ||    10
       Fruit             |       |       |       |     3 |       ||     3
       Meat ration       |       |       |       |     1 |     1 ||     2
Armor: Animal skin       |     5 |     4 |       |       |       ||     9
       Scale mail        |       |    36 |    21 |       |       ||    57
       Plate armour      |       |       |   183 |   450 |   407 ||  1040
Dodge: Dodged            |    24 |    91 |   135 |   176 |   232 ||   658
Block: Shield            |       |       |       |   354 |   414 ||   768
